BSA
HOUSTON MARSHALS @ KANSAS CITY KINGS
09/30/2026
 
TOP OF THE 1ST
Toronto Titans batting - Pitching for Kansas City Kings : RHP Carlos Pacheco
Pitching: RHP Carlos Pacheco
Batting: SHB Ramón Lugo 0-0: Ball
1-0: Called Strike
1-1: Foul Ball, location: 2F
1-2: Strikes out swinging
Batting: LHB Lewis Barr 0-0: Called Strike
0-1: Ground out 4-3 (Groundball, 4)
Batting: LHB Kent MacDulothe 0-0: Called Strike
0-1: Fly out, F8 (Flyball, 8LXD)
Top of the 1st over - 0 run(s), 0 hit(s), 0 error(s), 0 left on base; Toronto 0 - Kansas City 0
BOTTOM OF THE 1ST
Kansas City Kings batting - Pitching for Toronto Titans : RHP Daniel Grant
Pitching: RHP Daniel Grant
Batting: LHB Brian Boone 0-0: Called Strike
0-1: Ball
1-1: Called Strike
1-2: Foul Ball, location: 2F
1-2: Ball
2-2: Strikes out swinging
Batting: SHB Víctor Serrano 0-0: Ball
1-0: Ball
2-0: SOLO HOME RUN (Flyball, 9D), Distance : 385 ft
Batting: RHB Toshimichi Kono 0-0: Called Strike
0-1: Ball
1-1: Ball
2-1: Called Strike
2-2: Foul Ball, location: 2F
2-2: Foul Ball, location: 2F
2-2: Foul Ball, location: 2F
2-2: Ground out 1-3 (Groundball, 15)
Batting: LHB Pablo Reyes 0-0: Ball
1-0: Called Strike
1-1: Foul Ball, location: 2F
1-2: Ball
2-2: Foul Ball, location: 2F
2-2: Fly out, F8 (Flyball, 8LXD)
Bottom of the 1st over - 1 run(s), 1 hit(s), 0 error(s), 0 left on base; Toronto 0 - Kansas City 1
TOP OF THE 2ND
Toronto Titans batting - Pitching for Kansas City Kings : RHP Carlos Pacheco
Batting: LHB Roberto García 0-0: Ball
1-0: Called Strike
1-1: Foul Ball, location: 2F
1-2: Ball
2-2: Ground out 6-3 (Groundball, 6M)
Batting: SHB Juan Gómez 0-0: Ball
1-0: Called Strike
1-1: Ball
2-1: Foul Ball, location: 2F
2-2: Ball
3-2: Foul Ball, location: 2F
3-2: Base on Balls
Batting: LHB Matt Smith 0-0: Called Strike
0-1: Ball
1-1: Ball
Wild Pitch!
Juan Gómez to second
2-1: Ball
3-1: Called Strike
3-2: Fly out, F8 (Flyball, 8LM)
Batting: RHB Chris Parker 0-0: Ball
Wild Pitch!
Juan Gómez to third
1-0: Called Strike
1-1: Called Strike
1-2: Strikes out swinging
Top of the 2nd over - 0 run(s), 0 hit(s), 0 error(s), 1 left on base; Toronto 0 - Kansas City 1
BOTTOM OF THE 2ND
Kansas City Kings batting - Pitching for Toronto Titans : RHP Daniel Grant
Batting: RHB Chris Chandler 0-0: Ball
1-0: Foul Ball, location: 2F
1-1: Reached on error, E4 (Groundball, 4)
Batting: RHB Dave Parker 0-0: Called Strike
0-1: Fly out, F9 (Line Drive, 89S)
Batting: RHB Adrian Prouse 0-0: Ball
1-0: SINGLE (Line Drive, 7S)
Chris Chandler to third
Batting: LHB Vic Robertson 0-0: Ball
1-0: Called Strike
Adrian Prouse is caught stealing 2nd base
1-1: Called Strike
1-2: Strikes out swinging
Bottom of the 2nd over - 0 run(s), 1 hit(s), 1 error(s), 1 left on base; Toronto 0 - Kansas City 1
TOP OF THE 3RD
Toronto Titans batting - Pitching for Kansas City Kings : RHP Carlos Pacheco
Batting: RHB Jim Tracy 0-0: Ball
1-0: Foul Ball, location: 2F
1-1: Swinging Strike
1-2: Strikes out looking
Batting: RHB Pedro Rosado 0-0: Foul Ball, location: 2F
0-1: Swinging Strike
0-2: Ball
1-2: Ground out 5-3 (Groundball, 56)
Batting: SHB Ramón Lugo 0-0: Foul Ball, location: 2F
0-1: Swinging Strike
0-2: Ball
1-2: Fly out, F9 (Line Drive, 89M)
Top of the 3rd over - 0 run(s), 0 hit(s), 0 error(s), 0 left on base; Toronto 0 - Kansas City 1
BOTTOM OF THE 3RD
Kansas City Kings batting - Pitching for Toronto Titans : RHP Daniel Grant
Batting: RHB Matt Richards 0-0: Ball
1-0: Ball
2-0: Ball
3-0: Called Strike
3-1: Called Strike
3-2: Base on Balls
Batting: LHB Brian Boone 0-0: 2-RUN HOME RUN (Line Drive, 9LD), Distance : 365 ft
Batting: SHB Víctor Serrano 0-0: Foul Ball, location: 2F
0-1: Ball
1-1: Ball
2-1: Ball
3-1: Called Strike
3-2: Fly out, F5 (Popup, 5SF)
Batting: RHB Toshimichi Kono 0-0: Ball
1-0: SINGLE (Groundball, 34D)
Batting: LHB Pablo Reyes 0-0: Ball
1-0: Foul Ball, location: 2F
1-1: Foul Ball, location: 2F
1-2: Ball
2-2: Fielders Choice at 2nd, 4-6 (Groundball, 4)
Batting: RHB Chris Chandler 0-0: Ball
1-0: Called Strike
1-1: Ground out 4-3 (Groundball, 4S)
Bottom of the 3rd over - 2 run(s), 2 hit(s), 0 error(s), 1 left on base; Toronto 0 - Kansas City 3
TOP OF THE 4TH
Toronto Titans batting - Pitching for Kansas City Kings : RHP Carlos Pacheco
Batting: LHB Lewis Barr 0-0: Ball
1-0: Ball
2-0: Called Strike
2-1: Ground out U3 (Groundball, 3L)
Batting: LHB Kent MacDulothe 0-0: Ball
1-0: Swinging Strike
1-1: SINGLE (Line Drive, 6)
Batting: LHB Roberto García 0-0: Called Strike
0-1: Ball
Kent MacDulothe steals 2nd base
1-1: Called Strike
1-2: Strikes out looking
Batting: SHB Juan Gómez 0-0: Ball
1-0: Ball
2-0: Ball
3-0: Called Strike
3-1: Base on Balls
Batting: LHB Matt Smith 0-0: Fly out, F9 (Flyball, 9LD)
Top of the 4th over - 0 run(s), 1 hit(s), 0 error(s), 2 left on base; Toronto 0 - Kansas City 3
BOTTOM OF THE 4TH
Kansas City Kings batting - Pitching for Toronto Titans : RHP Daniel Grant
Batting: RHB Dave Parker 0-0: Swinging Strike
0-1: Ball
1-1: Swinging Strike
1-2: Strikes out swinging
Batting: RHB Adrian Prouse 0-0: Called Strike
0-1: Called Strike
0-2: Foul Ball, location: 2F
0-2: Strikes out swinging
Batting: LHB Vic Robertson 0-0: Called Strike
0-1: Ball
1-1: Ball
2-1: Ball
3-1: Fly out, F7 (Flyball, 7LMF)
Bottom of the 4th over - 0 run(s), 0 hit(s), 0 error(s), 0 left on base; Toronto 0 - Kansas City 3
TOP OF THE 5TH
Toronto Titans batting - Pitching for Kansas City Kings : RHP Carlos Pacheco
Batting: RHB Chris Parker 0-0: Called Strike
0-1: Foul Ball, location: 2F
0-2: Ball
1-2: Fly out, F4 (Line Drive, 4)
Batting: RHB Jim Tracy 0-0: Foul Ball, location: 2F
0-1: Foul Ball, location: 2F
0-2: Fly out, F3 (Popup, 3F)
Batting: RHB Pedro Rosado 0-0: Called Strike
0-1: Ball
1-1: Swinging Strike
1-2: Ball
2-2: Ball
3-2: Foul Ball, location: 2F
3-2: SINGLE (Groundball, 6MD)
Batting: SHB Ramón Lugo 0-0: Called Strike
Pedro Rosado is caught stealing 2nd base
Top of the 5th over - 0 run(s), 1 hit(s), 0 error(s), 0 left on base; Toronto 0 - Kansas City 3
BOTTOM OF THE 5TH
Kansas City Kings batting - Pitching for Toronto Titans : RHP Daniel Grant
Batting: RHB Matt Richards 0-0: Foul Ball, location: 2F
0-1: Called Strike
0-2: Ball
1-2: Ground out 6-3 (Groundball, 6)
Batting: LHB Brian Boone 0-0: Ground out U3 (Groundball, 3S)
Batting: SHB Víctor Serrano 0-0: Swinging Strike
0-1: Swinging Strike
0-2: Strikes out looking
Bottom of the 5th over - 0 run(s), 0 hit(s), 0 error(s), 0 left on base; Toronto 0 - Kansas City 3
TOP OF THE 6TH
Toronto Titans batting - Pitching for Kansas City Kings : RHP Carlos Pacheco
Batting: SHB Ramón Lugo 0-0: Foul Ball, location: 2F
0-1: Ball
1-1: Ball
2-1: Foul Ball, location: 2F
2-2: Fly out, F6 (Popup, 5D)
Batting: LHB Lewis Barr 0-0: Called Strike
0-1: Ball
1-1: Foul Ball, location: 2F
1-2: Strikes out looking
Batting: LHB Kent MacDulothe 0-0: Ground out 4-3 (Groundball, 4)
Top of the 6th over - 0 run(s), 0 hit(s), 0 error(s), 0 left on base; Toronto 0 - Kansas City 3
BOTTOM OF THE 6TH
Kansas City Kings batting - Pitching for Toronto Titans : RHP Daniel Grant
Batting: RHB Toshimichi Kono 0-0: Ball
1-0: Swinging Strike
1-1: Ball
2-1: Fly out, F8 (Flyball, 8LD)
Batting: LHB Pablo Reyes 0-0: Ball
1-0: Ball
2-0: Foul Ball, location: 2F
2-1: Called Strike
2-2: Foul Ball, location: 2F
2-2: Fly out, F6 (Popup, 6S)
Batting: RHB Chris Chandler 0-0: Called Strike
0-1: Called Strike
0-2: Ground out 6-3 (Groundball, 56)
Bottom of the 6th over - 0 run(s), 0 hit(s), 0 error(s), 0 left on base; Toronto 0 - Kansas City 3
TOP OF THE 7TH
Toronto Titans batting - Pitching for Kansas City Kings : RHP Carlos Pacheco
Batting: LHB Roberto García 0-0: Foul Ball, location: 2F
0-1: Foul Ball, location: 2F
0-2: Ball
1-2: Foul Ball, location: 2F
1-2: Ball
2-2: SINGLE (Line Drive, 78S)
Batting: SHB Juan Gómez 0-0: Swinging Strike
0-1: Called Strike
0-2: Ball
1-2: Strikes out looking
Batting: LHB Matt Smith 0-0: Ball
1-0: Swinging Strike
1-1: Ball
2-1: Foul Ball, location: 2F
2-2: Grounds into double play, 4-6-3 (Groundball, 34)
Top of the 7th over - 0 run(s), 1 hit(s), 0 error(s), 0 left on base; Toronto 0 - Kansas City 3
BOTTOM OF THE 7TH
Kansas City Kings batting - Pitching for Toronto Titans : RHP Daniel Grant
Pitching: RHP Howard Green
Batting: RHB Dave Parker 0-0: Ball
1-0: Called Strike
1-1: Ball
2-1: Ball
3-1: Called Strike
3-2: Strikes out swinging
Batting: RHB Adrian Prouse 0-0: Ball
1-0: Foul Ball, location: 2F
1-1: Ball
2-1: Ball
3-1: Ground out 1-3 (Groundball, 23)
Batting: LHB Vic Robertson 0-0: Called Strike
0-1: Fly out, F8 (Flyball, 8RD)
Bottom of the 7th over - 0 run(s), 0 hit(s), 0 error(s), 0 left on base; Toronto 0 - Kansas City 3
TOP OF THE 8TH
Toronto Titans batting - Pitching for Kansas City Kings : RHP Carlos Pacheco
Batting: RHB Chris Parker 0-0: SINGLE (Line Drive, 6MD)
Batting: RHB Jim Tracy 0-0: Ball
1-0: Swinging Strike
1-1: Foul Ball, location: 2F
1-2: Strikes out swinging
Batting: RHB Pedro Rosado 0-0: Called Strike
0-1: Fly out, F2 (Popup, 2LF)
Batting: SHB Ramón Lugo 0-0: Swinging Strike
0-1: Ball
1-1: Ball
2-1: Fly out, F4 (Popup, 4MS)
Top of the 8th over - 0 run(s), 1 hit(s), 0 error(s), 1 left on base; Toronto 0 - Kansas City 3
BOTTOM OF THE 8TH
Kansas City Kings batting - Pitching for Toronto Titans : RHP Howard Green
Batting: RHB Matt Richards 0-0: Foul Ball, location: 2F
0-1: Ground out 6-3 (Groundball, 56)
Batting: LHB Brian Boone 0-0: Swinging Strike
0-1: Foul Ball, location: 2F
0-2: Ball
1-2: Strikes out looking
Batting: SHB Víctor Serrano 0-0: Ball
1-0: Ball
2-0: Ball
3-0: Called Strike
3-1: Called Strike
3-2: Strikes out swinging
Bottom of the 8th over - 0 run(s), 0 hit(s), 0 error(s), 0 left on base; Toronto 0 - Kansas City 3
TOP OF THE 9TH
Toronto Titans batting - Pitching for Kansas City Kings : RHP Carlos Pacheco
Pitching: RHP Ray Watkins
Batting: LHB Lewis Barr 0-0: Ball
1-0: SINGLE (Line Drive, 4M)
Batting: LHB Kent MacDulothe 0-0: Called Strike
0-1: Foul Ball, location: 2F
0-2: Strikes out swinging
Batting: LHB Roberto García 0-0: Ball
1-0: Called Strike
1-1: Called Strike
1-2: Foul Ball, location: 2F
1-2: Strikes out looking
Batting: SHB Juan Gómez 0-0: Ball
1-0: Called Strike
1-1: Ball
Passed Ball!
Lewis Barr to second
2-1: Fly out, F9 (Line Drive, 89D)
Top of the 9th over - 0 run(s), 1 hit(s), 0 error(s), 1 left on base; Toronto 0 - Kansas City 3
Monday, December 5th, 2016 - OOTP Baseball 17.12 Build 75